 Dungeon Crawl Stone Soup version 0.19.1 (webtiles) character file.

246 vaypah the Magician (level 5, -5/33 HPs)
             Began as a High Elf Fire Elementalist on Dec 11, 2016.
             Engulfed by a cloud of flame (9 damage)
             ... on level 4 of the Dungeon on Dec 12, 2016.
             The game lasted 00:34:37 (2980 turns).

vaypah the Magician (High Elf Fire Elementalist)    Turns: 2980, Time: 00:34:40

Health: -5/33      AC:  3    Str:  7    XL:     5   Next: 84%
Magic:  5/12       EV: 13    Int: 20    God:
Gold:   138        SH:  0    Dex: 15    Spells: 4 memorised, 1 level left

rFire  + . .     SeeInvis .     i - +3 dagger (holy)
rCold  . . .     Gourm    .     a - +0 robe
rNeg   . . .     Faith    .     (no shield)
rPois  .         Spirit   .     (no helmet)
rElec  .         Reflect  .     (no cloak)
rCorr  .         Harm     .     (no gloves)
MR     .....                    z - +0 pair of boots
Stlth  ++........               (no amulet)
                                D - ring of wizardry
                                t - ring of protection from fire

@: lethally poisoned (-5 -> -9)
A: no striking features
a: no special abilities


You were on level 4 of the Dungeon.
You were hungry.

You visited 1 branch of the dungeon, and saw 4 of its levels.

You collected 138 gold pieces.

Inventory:

Hand Weapons
 e - a +0 dagger
 i - a +3 dagger of holy wrath (weapon)
 r - a +0 hand axe of chopping
Armour
 a - a +0 robe (worn)
 q - a +2 scale mail of magic resistance
 z - a +0 pair of boots (worn)
Jewellery
 t - a ring of protection from fire (left hand)
 D - a ring of wizardry (right hand)
Scrolls
 f - 2 scrolls of immolation {unknown}
 g - a scroll of amnesia {unknown}
 j - a scroll of random uselessness {unknown}
 n - 2 scrolls of teleportation
 p - a scroll of enchant weapon
 s - a scroll of fear {unknown}
 v - a scroll of enchant armour {unknown}
 x - a scroll of noise {unknown}
 y - a scroll of fog
 C - a scroll of magic mapping {unknown}
Potions
 d - 3 potions of curing
 h - a potion of lignification {unknown}
 k - a potion of haste {unknown}
 l - a potion of magic {unknown}
 m - 2 potions of flight {unknown}
 o - a potion of might {unknown}
 u - a potion of heal wounds {unknown}
 w - a potion of cure mutation {unknown}
Books
 b - a book of Flames

   Spells                             Type                      Level
   a - Flame Tongue                   Conjuration/Fire             1
   b - Throw Flame                    Conjuration/Fire             2
   c - Conjure Flame                  Conjuration/Fire             3
   d - Inner Flame                    Hexes/Fire                   3
   e - Sticky Flame                   Conjuration/Fire             4
   f - Fireball                       Conjuration/Fire             5
Comestibles
 c - 3 bread rations
 A - a royal jelly
 B - 6 fruits
 E - a meat ration


   Skills:
 + Level 1.0 Fighting
 + Level 0.2 Short Blades
 + Level 2.5 Dodging
 + Level 3.1 Stealth
 + Level 4.4 Spellcasting
 + Level 2.9 Conjurations
 + Level 4.2 Fire Magic


You had one spell level left.
You knew the following spells:

 Your Spells              Type           Power        Failure   Level  Hunger
a - Flame Tongue          Conj/Fire      ###..        1%          1    None
b - Throw Flame           Conj/Fire      ###...       1%          2    #......
c - Fireball              Conj/Fire      ###.......   47%         5    ######.
d - Inner Flame           Hex/Fire       ##......     7%          3    ###....


Dungeon Overview and Level Annotations

Branches:
Dungeon (4/15)
 Temple: D:4-7

Altars:


Message History

Confirm with . or Enter, or press ? or * to list all spells.
Aiming: Flame Tongue
Press: ? - help, Shift-Dir - straight line, f/p - adder
Aim: an adder (heavily wounded, inner flame)
The flame tongue hits the adder.
The adder is severely wounded.
You feel sick. The adder closely misses you.
The adder bites you but does no damage.
Casting: Flame Tongue
Confirm with . or Enter, or press ? or * to list all spells.
Aiming: Flame Tongue
Press: ? - help, Shift-Dir - straight line, f/p - adder
Aim: an adder (severely wounded, inner flame)
The flame tongue hits the adder.
The adder explodes!
The fiery explosion engulfs you! You resist.
Ouch! That really hurt!
* * * LOW HITPOINT WARNING * * *
You are engulfed in roaring flames.
You resist.
You die...

#.....##...###
#....[####..<#
#...### ###.#
#..## #.# #..
#.# #.#. #.#
#...# #.#
#.#..## #.#
#......### #@#
#.#......###§#
#......[...#§##
#.#####.......##
#........#
#.##.#.###
#.##...#
##.###..#
..#####.?# ..#


There were no monsters in sight!

Vanquished Creatures
  A centaur skeleton (D:4)
  An iguana (D:4)
  A worker ant (D:4)
  Terence (D:3)
  A gnoll (D:1)
  7 adders
  2 oozes
  An adder skeleton (D:4)
  2 worms
  2 dart slugs
  A leopard gecko (D:1)
  2 orcs (D:3)
  2 giant cockroaches
  2 goblins
  5 hobgoblins
  A quokka (D:1)
  7 bats
  11 frilled lizards
  5 kobolds
  A leopard gecko skeleton (D:4)
  9 rats
65 creatures vanquished.

Notes
Turn   | Place    | Note
-------+----------+-------------------------------------------
     0 | D:1      | vaypah the High Elf Fire Elementalist began the quest for the Orb.
     0 | D:1      | Reached XP level 1. HP: 11/11 MP: 4/4
   272 | D:1      | Reached XP level 2. HP: 14/17 MP: 0/6
   414 | D:1      | Learned a level 2 spell: Throw Flame
   644 | D:1      | Reached XP level 3. HP: 21/21 MP: 5/8
  1476 | D:2      | Reached XP level 4. HP: 23/27 MP: 5/10
  2064 | D:3      | Noticed Terence
  2072 | D:3      | Killed Terence
  2446 | D:3      | Reached XP level 5. HP: 21/31 MP: 2/12
  2884 | D:4      | Learned a level 5 spell: Fireball
  2888 | D:4      | Learned a level 3 spell: Inner Flame
  2977 | D:4      | Reached skill level 1 in Fighting
  2980 | D:4      | Engulfed by a cloud of flame

Skill      XL: |  1  2  3  4  5 |
---------------+----------------+-----
Conjurations   | 2 |  2.9
Spellcasting   | 3 4 |  4.4
Stealth        | 3 |  3.1
Fire Magic     | 4 |  4.2
Fighting       | 1 |  1.0
Short Blades   | |  0.2
Dodging        | |  2.5

Action                   |  1- 3 |  4- 6 || total
-------------------------+-------+-------++-------
Melee: Dagger            |    41 |    29 ||    70
       Unarmed           |    15 |       ||    15
 Cast: Flame Tongue      |    44 |    59 ||   103
       Throw Flame       |     3 |     4 ||     7
       Inner Flame       |       |     1 ||     1
  Use: Scroll            |       |     3 ||     3
       Potion            |       |     2 ||     2
 Stab: Sleeping          |     5 |     3 ||     8
  Eat: Meat ration       |     1 |       ||     1
       Chunk             |       |     1 ||     1
Armor: Robe              |     8 |    12 ||    20
Dodge: Dodged            |    35 |    45 ||    80
